Map: Dusty Gorge

Players

MonstroTown - Winner!

  • Race: Terran Terran
  • Spawn Location: 9:00

Michael - Winner!

  • Race: Zerg Zerg
  • League: Gold
  • Spawn Location: 11:00

DBullet

  • Race: Protoss Protoss
  • Spawn Location: 3:00

Lovestick

  • Race: Protoss Protoss
  • Spawn Location: 5:00

VOD

Have the link to the VOD?

Description

Time

  • Played on: Oct. 6, 2018, 2:15 p.m.
  • Length: 13:35
Show
View Real Time Build Order
Export as new Build Order

MonstroTown Terran - Winner!

Build Orders:  

Get SALT Encoding   

  12  0:01  SCV  
  13  0:13  SCV  
  14  0:18  Supply Depot  
  14  0:25  SCV  
  15  0:40  SCV  
  15  0:42  Barracks  
  16  0:52  SCV  
  17  1:01  Barracks  
  17  1:04  SCV  
  18  1:16  SCV  
  19  1:30  Marine  
  21  1:37  Orbital Command  
  20  1:49  Command Center, Marine  
  20  1:50  Marine  
  22  1:56  Refinery  
  22  2:03  SCV  
  23  2:21  Supply Depot  
  23  2:42  SCV, Marine x2  
  23  2:43  Supply Depot  
  26  2:51  Refinery  
  26  2:55  SCV  
  27  3:00  Marine  
  27  3:02  Factory  
  28  3:17  Barracks Tech Lab  
  27  3:22  Barracks  
  27  3:23  Engineering Bay, SCV  
  27  3:24  Orbital Command  
  27  3:26  Barracks  
  28  3:35  SCV  
  28  3:40  Barracks Reactor  
  29  3:47  SCV  
  30  3:49  Stimpack  
  30  3:51  Marine  
  30  3:53  SCV  
  32  4:01  Missile Turret  
  32  4:08  Missile Turret  
  32  4:12  Terran Infantry Weapons Level 1  
  32  4:15  Marine  
  32  4:17  Marine  
  33  4:20  SCV  
  33  4:23  SCV  
  36  4:26  Factory Tech Lab  
  36  4:35  Marine x4  
  40  4:39  SCV  
  41  4:51  Siege Tank  
  43  4:58  SCV  
  43  4:59  SCV  
  45  5:00  Starport  
  45  5:04  Supply Depot  
  45  5:06  Marine  
  46  5:10  SCV  
  46  5:11  SCV  
  48  5:22  Barracks Reactor  
  48  5:23  SCV x2  
  50  5:32  Marine x3  
  50  5:33  Siege Tank, Marauder  
  58  5:46  Refinery x2  
  58  5:49  Marine  
  58  5:52  Marine  
  56  6:08  Marine  
  56  6:09  Marine x4  
  56  6:10  Siege Tank  
  62  6:19  Supply Depot  
  62  6:30  Supply Depot  
  62  6:33  Supply Depot  
  62  6:34  SCV x2, Marauder, Marine x2  
  62  6:39  Command Center  
  68  6:40  Marine x3  
  68  6:42  Medivac  
  68  6:46  SCV x2  
  70  6:55  Marine x2  
  70  6:56  Marauder  
  70  6:58  SCV, Marine  
  74  7:13  Marine  
  74  7:14  Marine x3  
  74  7:15  SCV x2  
  80  7:18  Terran Infantry Armor Level 1  
  80  7:22  Engineering Bay, Armory  
  80  7:27  SCV x2  
  82  7:32  Medivac  
  84  7:39  SCV x2  
  84  7:40  Starport  
  84  7:51  SCV  
  73  8:12  Marine x4  
  61  8:13  Marine x2  
  61  8:14  Viking  
  61  8:30  Marine x5  
  61  8:31  Marine  
  67  8:48  Marine x5  
  69  8:49  Viking x2, Marauder  
  69  8:55  Orbital Command  
  78  8:57  SCV x2  
  78  9:05  Marine  
  78  9:06  Marine x4  
  78  9:09  SCV  
  82  9:10  Marauder  
  82  9:19  Viking  
  82  9:22  SCV x2  
  82  9:23  SCV, Marine x2  
  82  9:24  Marine x3  
  85  9:26  Refinery, Barracks  
  85  9:28  Barracks  
  85  9:30  Barracks  
  88  9:31  Marine  
  88  9:34  SCV x2  
  88  9:35  SCV  
  90  9:41  Marine  
  81  9:46  SCV  
  78  9:58  Medivac  
  78  9:59  Marine, Starport Reactor  
  76  10:00  Marine  
  78  10:07  Siege Tank  
  78  10:19  Marine x6  
  84  10:22  Barracks Reactor  
  84  10:23  Barracks Reactor x2  
  82  10:36  Marine x2  
  84  10:43  Marine  
  84  10:44  Marine x3  
  84  10:45  Medivac x3  
  84  10:48  Siege Tank  
  97  10:50  SCV x2  
  97  10:51  SCV  
  83  11:54  Marine x2  
  83  11:55  Marine x6  
  83  11:56  Marine x2  
  83  11:59  Medivac x3  
  97  12:12  Barracks, Marine  
  98  12:16  Starport  
  98  12:17  Barracks  
  98  12:20  Barracks x2  
  84  12:24  Barracks  
  84  12:25  Barracks  
  84  12:28  Medivac  
  84  12:29  Marine  
  85  12:30  Marine x6  
  85  12:31  Siege Tank, Marine x2  
  95  12:37  Medivac  
  95  12:38  Medivac  
  99  12:58  Medivac  
  99  13:05  SCV x3  
  102  13:07  Marine x6  
  109  13:13  Supply Depot  
  109  13:15  Supply Depot  
Show
View Real Time Build Order
Export as new Build Order

Michael Zerg - Winner!

Build Orders: Hatch First 

Get SALT Encoding   

  12  0:01  Drone  
  13  0:12  Overlord  
  13  0:18  Drone  
  14  0:31  Drone x2  
  14  0:34  Drone  
  17  0:45  Drone  
  18  0:59  Hatchery  
  18  1:01  Drone  
  18  1:07  Drone  
  18  1:10  Extractor  
  18  1:21  Spawning Pool  
  18  1:23  Drone  
  18  1:28  Drone  
  19  1:39  Drone  
  20  2:07  Overlord  
  20  2:10  Queen  
  20  2:11  Queen  
  20  2:15  Drone x3  
  27  2:22  Drone  
  28  2:27  Drone  
  29  2:32  Drone  
  29  2:33  Drone  
  30  2:44  Drone x2  
  32  2:55  Drone  
  32  2:56  Hatchery  
  32  2:57  Drone  
  33  3:04  Queen  
  35  3:09  Overlord  
  35  3:14  Drone  
  36  3:23  Overlord  
  36  3:27  Queen  
  36  3:34  Drone x5  
  39  3:36  Drone  
  44  3:43  Spine Crawler  
  43  3:50  Extractor  
  43  3:53  Drone x2, Spore Crawler  
  43  4:04  Spore Crawler  
  43  4:05  Drone x3  
  43  4:06  Spore Crawler  
  44  4:10  Queen  
  44  4:11  Drone  
  44  4:12  Drone  
  44  4:13  Drone  
  47  4:55  Lair  
  47  4:58  Drone x9  
  47  4:59  Extractor, Drone x3  
  58  5:00  Overlord  
  58  5:01  Overlord x2  
  58  5:07  Evolution Chamber  
  58  5:10  Roach Warren, Drone x2  
  58  5:14  Overlord  
  58  5:15  Overlord  
  58  5:21  Roach Warren  
  57  5:23  Evolution Chamber  
  57  5:30  Zergling x8  
  59  5:42  Drone x3  
  61  5:45  Spore Crawler  
  62  5:50  Roach x5  
  62  5:54  Roach x2  
  74  6:00  Roach x2  
  74  6:01  Roach x6  
  90  6:10  Glial Reconstitution  
  90  6:11  Zerg Missile Weapons Level 1  
  90  6:12  Zerg Ground Armor Level 1  
  90  6:28  Overlord x3  
  90  6:30  Overlord x2  
  88  6:59  Drone  
  88  7:00  Drone  
  88  7:01  Drone x2  
  92  7:04  Drone  
  92  7:05  Extractor, Drone x2  
  94  7:12  Roach x11  
  114  7:19  Overlord  
  114  7:20  Overlord x4  
  114  7:26  Extractor  
  114  7:27  Extractor  
  114  7:28  Drone x3  
  116  7:30  Drone x2  
  117  7:44  Spire  
  113  7:55  Ravager x2  
  113  7:57  Ravager  
  111  7:59  Zergling x26  
  123  8:06  Ravager  
  123  8:08  Ravager  
  102  8:49  Zergling x18  
  90  9:15  Infestation Pit  
  90  9:17  Hydralisk Den  
  82  9:21  Drone  
  80  9:26  Zergling x2  
  80  9:27  Zergling x14  
  80  9:30  Hatchery  
  74  9:46  Hydralisk  
  74  9:47  Hydralisk x8  
  74  9:50  Muscular Augments  
  74  9:52  Zerg Missile Weapons Level 2  
  89  9:55  Zerg Ground Armor Level 2  
  89  9:58  Hive  
  86  10:07  Metabolic Boost  
  86  10:12  Hydralisk x10  
  100  10:14  Roach  
  94  10:33  Hydralisk x6  
  90  10:53  Queen x2  
  94  10:57  Hydralisk  
  94  10:58  Hydralisk x6  
  94  11:02  Grooved Spines  
  94  11:03  Queen  
  110  11:05  Drone x3  
  113  11:16  Greater Spire  
  113  11:29  Queen  
  115  11:36  Roach x8  
  115  11:37  Roach x7  
  145  11:55  Hydralisk x5  
  155  12:04  Queen  
  158  12:08  Drone x5  
  158  12:09  Drone  
  163  12:17  Spine Crawler  
  160  12:31  Hydralisk x8  
  160  12:35  Overlord x6  
  160  12:36  Overlord  
  170  13:02  Hydralisk x9  
  175  13:18  Spine Crawler  
  171  13:20  Spine Crawler x2  
  171  13:23  Spine Crawler  
  171  13:25  Spine Crawler  
Show
View Real Time Build Order
Export as new Build Order

DBullet Protoss 

Build Orders: Oracle Opening 

Get SALT Encoding   

  1  0:00  Probe  
  13  0:07  Probe  
  14  0:23  Probe, Pylon  
  15  0:43  Probe  
  15  0:46  Gateway  
  16  0:55  Probe  
  17  1:00  Assimilator  
  17  1:08  Pylon  
  17  1:09  Probe  
  17  1:18  Probe  
  18  1:25  Forge  
  19  1:28  Probe  
  20  1:33  Cybernetics Core  
  20  1:40  Probe  
  20  1:43  Assimilator  
  21  1:52  Probe  
  21  2:17  Probe, Stargate  
  22  2:25  Probe  
  22  2:26  Photon Cannon  
  23  2:35  Photon Cannon  
  23  2:49  Warp Gate  
  23  2:50  Stalker  
  25  2:53  Oracle  
  25  2:59  Pylon  
  28  3:09  Probe  
  29  3:31  Oracle  
  32  3:39  Nexus  
  32  3:58  Oracle  
  29  4:46  Void Ray  
  33  4:59  Stargate  
  33  5:01  Pylon  
  30  5:43  Void Ray  
  30  5:46  Protoss Air Weapons Level 1  
  30  5:48  Probe  
  34  5:52  Probe  
  36  5:58  Twilight Council  
  36  6:03  Gateway  
  36  6:04  Probe  
  36  6:07  Gateway  
  36  6:11  Probe  
  37  6:12  Pylon  
  37  6:17  Probe  
  39  6:18  Pylon  
  39  6:19  Probe  
  40  6:27  Nexus  
  40  6:31  Stalker  
  42  6:38  Probe  
  42  6:40  Pylon  
  42  6:42  Probe  
  44  6:48  Probe, Assimilator  
  45  6:54  Probe  
  46  7:01  Dark Shrine  
  46  7:07  Stalker  
  48  7:08  Sentry  
  50  7:30  Photon Cannon  
  50  7:32  Shield Battery  
  50  8:05  Zealot  
  50  8:06  Zealot  
  50  8:08  Zealot, Void Ray  
  41  8:29  Dark Templar  
  41  8:31  Zealot x2  
  37  8:53  Dark Templar x2  
  41  9:05  Dark Templar  
  36  9:13  Probe  
  36  9:16  Probe  
  37  9:21  Probe  
  37  9:22  Pylon  
  36  9:24  Pylon  
  36  9:26  Probe  
  36  9:27  Stalker  
  36  9:30  Probe  
  38  9:34  Probe  
  40  9:40  Pylon  
  40  9:42  Probe x2, Pylon  
  40  9:45  Pylon  
  41  9:51  Probe  
  38  9:54  Probe x2  
  38  9:59  Probe  
  41  10:02  Pylon  
  41  10:04  Pylon  
  42  10:07  Pylon  
  42  10:09  Probe, Gateway  
  42  10:10  Gateway  
  42  10:12  Probe  
  43  10:20  Probe  
  44  10:24  Probe  
  44  10:25  Assimilator  
  46  10:29  Probe  
  46  10:30  Probe  
  46  10:33  Probe  
  48  10:35  Assimilator  
  48  10:40  Assimilator  
  48  10:42  Probe x2  
  51  10:51  Forge  
  51  10:54  Probe x2, Stalker x3  
  59  11:06  Zealot x2, Probe x2  
  59  11:08  Probe  
  66  11:14  Protoss Ground Armor Level 1  
  66  11:15  Probe  
  66  11:19  Probe  
  66  11:20  Probe  
  66  11:23  Probe  
  69  11:30  Photon Cannon  
  69  11:31  Probe  
  69  11:32  Photon Cannon  
  71  11:34  Gateway  
  71  11:37  Gateway  
  71  11:43  Charge  
  71  11:44  Stalker  
  71  11:45  Stalker x3  
  79  11:49  Zealot, Nexus  
  61  12:50  Stalker x3  
  67  12:52  Dark Templar  
  61  13:13  Dark Templar  
  61  13:14  Dark Templar x2  
  61  13:15  Dark Templar  
Show
View Real Time Build Order
Export as new Build Order

Lovestick Protoss 

Build Orders:  

Get SALT Encoding   

  1  0:00  Probe  
  12  0:06  Probe  
  14  0:16  Probe  
  15  0:26  Pylon  
  15  0:37  Assimilator  
  15  0:44  Gateway  
  15  0:57  Gateway  
  15  1:04  Probe  
  16  1:13  Probe  
  17  1:22  Probe  
  18  1:34  Cybernetics Core  
  18  1:38  Zealot  
  20  1:44  Zealot  
  22  2:00  Nexus  
  22  2:13  Warp Gate  
  22  2:24  Pylon  
  22  2:46  Zealot x2  
  26  2:53  Twilight Council  
  26  3:04  Robotics Facility  
  26  3:10  Probe  
  26  3:18  Probe  
  27  3:22  Assimilator  
  28  3:28  Probe  
  29  3:38  Gateway  
  29  3:40  Pylon  
  29  3:41  Probe  
  29  3:44  Probe  
  29  3:48  Charge  
  31  3:53  Probe  
  32  3:56  Probe  
  33  4:05  Observer, Probe  
  33  4:08  Probe  
  36  4:19  Probe x2  
  38  4:27  Probe x2  
  40  4:35  Probe  
  40  4:36  Probe  
  40  4:39  Stalker  
  40  4:40  Stalker  
  40  4:44  Immortal  
  50  4:46  Probe  
  50  4:47  Probe  
  52  4:55  Zealot  
  54  5:06  Gateway  
  54  5:09  Pylon  
  54  5:14  Pylon  
  54  5:22  Pylon  
  54  5:27  Probe x2  
  54  5:28  Zealot x3  
  62  5:39  Probe  
  63  5:44  Immortal  
  67  5:52  Stalker  
  67  5:53  Stalker x2  
  67  5:55  Forge  
  71  6:22  Stalker  
  71  6:23  Stalker x2  
  77  6:32  Pylon  
  77  6:33  Pylon  
  77  6:35  Pylon  
  77  6:45  Immortal  
  67  7:00  Zealot x2  
  67  7:01  Zealot  
  53  7:11  Gateway  
  49  7:18  Immortal  
  49  7:19  Gateway  
  49  7:21  Gateway  
  49  7:22  Zealot x2  
  51  7:23  Zealot  
  59  7:34  Protoss Shields Level 1  
  59  7:35  Zealot  
  61  7:49  Zealot x3  
  67  7:57  Immortal  
  65  8:15  Zealot x5  
  57  8:31  Zealot x2  
  61  8:41  Zealot x3  
  61  8:42  Zealot x2  
  69  8:55  Zealot x2  
  59  8:57  Immortal  
  47  9:03  Zealot  
  47  9:04  Zealot x4  
  61  9:16  Zealot  
  63  9:17  Zealot  
  65  9:25  Zealot x4  
  65  9:26  Zealot  
  75  9:54  Zealot  
  75  9:55  Zealot x5  
  75  9:56  Zealot  
  63  10:42  Zealot  
  63  10:43  Zealot x6  
  71  11:16  Stalker  
  71  11:17  Stalker x3  
  60  11:31  Zealot x2  
  60  11:32  Zealot  
  60  11:44  Probe  
  60  11:45  Zealot x3  
  60  11:46  Zealot  
  59  11:52  Probe  
  57  12:02  Probe  
  57  12:06  Zealot x3  
  57  12:07  Zealot x3  
  57  12:08  Zealot  
  71  12:14  Probe  
  72  12:26  Probe  
  72  12:27  Nexus  
  73  12:37  Zealot x5  
  75  12:38  Probe  
  84  12:46  Probe  
  57  13:05  Zealot x4  
  37  13:06  Zealot  
  39  13:18  Zealot x2  
Tags
 
Add a new tag
Caveats
  • Supply blocks, unpowered buildings, or Contaminate may cause inaccurate times.
  • Supply counts are checked every 10 seconds.